 Dungeon Crawl Stone Soup version 0.25-a0-949-gdd2af9e06e (webtiles) character file.

Game seed: 8588796807143359948, levelgen mode: deterministic

218837 Flugslaktarn the Severer (level 17, -2/252 HPs)
             Began as a Deep Dwarf Fighter on May 8, 2020.
             Was the Champion of Makhleb.
             Slain by an azure jelly (31 damage)
             ... created by the Royal Jelly
             ... on level 5 of the Pits of Slime.
             The game lasted 00:16:15 (17235 turns).

Flugslaktarn the Severer (Deep Dwarf Fighter)      Turns: 17235, Time: 00:16:15

Health: -2/252     AC: 14    Str: 30    XL:     17   Next: 99%
Magic:  15/15      EV: 13    Int: 18    God:    Makhleb [******]
Gold:   1639       SH: 18    Dex: 16    Spells: 16/16 levels left

rFire    + . .     SeeInvis +   u - +2 broad axe (flame)
rCold    . . .     Gourm    .   c - +0 kite shield
rNeg     + + .     Faith    .   U - +0 plate armour
rPois    .         Spirit   .   (no helmet)
rElec    .         Reflect  +   I - +2 cloak
rCorr    +         Harm     .   f - +2 pair of gloves
MR       +++..                  Z - +0 pair of boots "Onigrem" {Int+6 SInv}
Stlth    ..........             J - amulet of Moodiness {Reflect rF+ Dex+4 SH+3 Stlth+}
HPRegen  0.00/turn              C - ring "Uduppeu" {rN+ MR+ Str+4 Int+2 Slay+2}
MPRegen  0.14/turn              k - ring of resist corrosion

@: mighty, berserking (expiring), corroded, non-regenerating, studying Axes,
very quick
A: damage resistance, heal wounds, deterioration 1, negative energy resistance
1, sense surroundings 2, no regeneration
}: 2/15 runes: barnacled, gossamer
a: Heal Wounds, Minor Destruction, Lesser Servant of Makhleb, Major Destruction,
Greater Servant of Makhleb, Renounce Religion


You were on level 5 of the Pits of Slime.
You worshipped Makhleb.
Makhleb was exalted by your worship.
You were not hungry.

You visited 6 branches of the dungeon, and saw 35 of its levels.
You also visited: Ice Cave.

You collected 1639 gold pieces.

Inventory:

Hand Weapons
 u - a +2 broad axe of flaming (weapon)
   (You found it on level 6 of the Lair of Beasts)
Missiles
 h - 10 throwing nets (quivered)
Armour
 c - a +0 kite shield (worn)
 f - a +2 pair of gloves (worn)
   (You found it on level 5 of the Dungeon)
 I - a +2 cloak (worn)
   (You found it on level 8 of the Dungeon)
 N - a scarf of resistance
   (You found it on level 9 of the Dungeon)
 U - a +0 plate armour (worn)
   (You took it off an orc warrior on level 11 of the Dungeon)
 Z - the +0 pair of boots "Onigrem" (worn) {Int+6 SInv}
   (You found it on level 5 of the Lair of Beasts)

   It affects your intelligence (+6).
   It lets you see invisible.
Jewellery
 a - the ring of the Failed Coup {EV+1 Dex+3 Slay+5}
   (You acquired it on level 11 of the Dungeon)

   [ring of evasion]

   It affects your evasion (+1).
   It affects your dexterity (+3).
   It affects your accuracy and damage with ranged weapons and melee attacks
   (+5).
 k - a ring of resist corrosion (right hand)
   (You found it on level 1 of the Dungeon)
 m - an uncursed ring of protection from magic
   (You found it on level 1 of the Dungeon)
 p - a +4 ring of protection
   (You found it on level 5 of the Lair of Beasts)
 v - a +5 ring of evasion
   (You found it on level 8 of the Dungeon)
 C - the ring "Uduppeu" (left hand) {rN+ MR+ Str+4 Int+2 Slay+2}
   (You found it on level 8 of the Dungeon)

   [ring of positive energy]

   It affects your strength (+4).
   It affects your intelligence (+2).
   It affects your accuracy and damage with ranged weapons and melee attacks
   (+2).
   It protects you from negative energy.
   It affects your resistance to hostile enchantments.
 F - the ring of Tyfrosiz {rPois rF+++ Int+3 Dex+3}
   (You acquired it on level 2 of the Lair of Beasts)

   [ring of poison resistance]

   It affects your intelligence (+3).
   It affects your dexterity (+3).
   It renders you almost immune to fire.
   It protects you from poison.
 J - the amulet of Moodiness (around neck) {Reflect rF+ Dex+4 SH+3 Stlth+}
   (You took it off an orc on level 8 of the Dungeon)

   [amulet of reflection]

   It shields you and reflects attacks.
   It affects your dexterity (+4).
   It protects you from fire.
   It affects your SH (+3).
   It makes you more stealthy.
 K - the ring "Hyphuq" {rC+ SInv Stlth+}
   (You took it off a tengu warrior on level 8 of the Dungeon)

   [ring of see invisible]

   It protects you from cold.
   It lets you see invisible.
   It makes you more stealthy.
Wands
 E - a wand of iceblast (17)
   (You took it off Maurice on level 8 of the Dungeon)
 T - a wand of scattershot (8)
   (You found it on level 11 of the Dungeon)
 W - a wand of paralysis (26)
   (You found it on level 1 of the Lair of Beasts)
Scrolls
 b - a scroll of fog
 g - a scroll of magic mapping
 j - a scroll of summoning
 r - 5 scrolls of identify
 t - 5 scrolls of teleportation
 x - 9 scrolls of remove curse
 y - 2 scrolls of fear
 z - 2 scrolls of blinking
 D - 2 scrolls of silence
 M - a scroll of immolation
 O - 2 scrolls of enchant weapon
 Q - a scroll of brand weapon
 R - a scroll of enchant armour
Potions
 d - 2 potions of might
 l - a potion of berserk rage
 n - 2 potions of resistance
 o - 5 potions of flight
 q - 10 potions of curing
 s - 3 potions of lignification
 w - 2 potions of heal wounds
 A - a potion of invisibility
 B - 6 potions of cancellation
 S - 2 potions of ambrosia
 X - 3 potions of magic {unknown}
Books
 P - a manual of Axes
   (You acquired it on level 5 of the Lair of Beasts)
Comestibles
 e - 37 rations


   Skills:
 + Level 14.6 Fighting
 - Level 18.0 Axes
 + Level 16.9 Armour
 + Level 7.6 Dodging
 - Level 15.0 Shields
 - Level 15.0 Invocations


You had 16 spell levels left.
You didn't know any spells.
Your spell library was empty.

Dungeon Overview and Level Annotations

Branches:
Dungeon (15/15)            Temple (1/1) D:4            Lair (6/6) D:9
 Shoals (4/4) Lair:4       Spider (4/4) Lair:4        Slime (5/5) Lair:6
    Orc (0/2) D:10         Depths (0/5) D:15          IceCv (visited)
 Vaults: D:13-14

Altars:
Ashenzari
Cheibriados
Dithmenos
Elyvilon
Fedhas
Gozag
Hepliaklqana
Kikubaaqudgha
Makhleb
Okawaru
Qazlal
Ru
Trog
Uskayaw
Vehumet
Wu Jian
Xom
Yredelemnul
Zin
The Shining One
Jiyva

Shops:
D:10 (   D:14 :

Annotations:
D:9 3 runed translucent doors, exclusion: oklob plant, coffeespoons's ghost, novice MfMo
Lair:1 exclusion: oklob plant
Lair:6 4 runed translucent doors, exclusion: 2 oklob plants, kae's ghost, journeyman MfIE
Slime:5 Royal Jelly


Innate Abilities, Weirdness & Mutations

You are resistant to damage.
You can heal yourself by infusing magical energy.
You resist negative energy. (rN+)
You passively map the area around you.
You do not regenerate.
Your body sometimes deteriorates upon taking damage.


Message History

The Royal Jelly is heavily wounded.
You hit the acid blob. You burn the acid blob.
Your hands burn!
You hit the azure jelly but do no damage.
You hit the azure jelly. You burn the azure jelly. You slash the shining eye!
You burn the shining eye.
The azure jelly hits you but does no damage.
The azure jelly barely misses you. The azure jelly completely misses you.
The azure jelly hits you but does no damage.
You slash the Royal Jelly! You burn the Royal Jelly.
Your hands burn!
The Royal Jelly is heavily wounded.
You slash the shining eye! You burn the shining eye.
The Royal Jelly shudders.
The Royal Jelly spits out another jelly.
You slash the azure jelly! You burn the azure jelly.
You slice the azure jelly!! You burn the azure jelly! You slice the acid blob!!
You burn the acid blob.
Your hands burn!
You block the Royal Jelly's attack. The Royal Jelly hits you.
You are splashed with acid.
You resist.
* * * LOW HITPOINT WARNING * * *
The azure jelly hits you but does no damage.
The azure jelly hits you. The azure jelly freezes you!!!
You die...

, ,* #%$#}##.#)# , =?##..##
, , .. ,,$#.## , , ,,,
,...#* ,*#..# , , .....##
,##.# * ,, ...........#*
#..#* * , ...........###
#.## ., , ,
.............###G.###...
...............J@JJ.....,,,
................JJ......, ,
, ........................
, ........................
........................,
#...<................... ,
,, , ,
##......................,,,
, ##.....................,
#..................... , *


You could see the Royal Jelly, 2 acid blobs, 2 azure jellies and a shining eye.

Vanquished Creatures
  Arachne (Spider:4)
  8 acid blobs
  A kraken (Shoals:4)
  Kirke (D:13)
  Donald (Shoals:2)
  9 azure jellies
  5 ghost moths (Spider:4)
  5 emperor scorpions
  4 entropy weavers
  The ghost of Miemolayn the Destroyer, a journeyman DrCj of Vehumet (Lair:2)
  The ghost of Tuthropu the Martial Artist, a journeyman HuAr of Cheibriados (Lair:2)
  A death ooze (Slime:5)
  3 merfolk javelineers (Shoals:4)
  5 merfolk impalers (Shoals:4)
  The ghost of Ulumiabe the Cleaver, a journeyman OpBe of Trog (Lair:2)
  The ghost of Ulumiabe the Cleaver, a journeyman OpBe of Trog (Lair:2)
  A great orb of eyes (Slime:4)
  7 hydras
  A merfolk avatar (Shoals:4)
  2 catoblepae (Lair:5)
  5 centaur warriors
  The ghost of emiel the Grappler, a novice TrWn of Cheibriados (Lair:2)
  A death knight (D:15)
  4 merfolk aquamancers
  An alligator snapping turtle (Shoals:4)
  A queen ant (Spider:1)
  3 two-headed ogres
  A satyr (Shoals:2)
  2 tengu warriors (D:8)
  A fire crab (shapeshifter) (D:15)
  2 unseen horrors
  2 glowing orange brains
  5 sea snakes
  3 deep elf magi
  2 lindwurms
  22 orb spiders
  20 ugly things
  A phantasmal warrior (D:15)
  An orc knight (D:10)
  29 wolf spiders
  A faun (Shoals:2)
  A shining eye (Slime:5)
  2 cyclopes
  7 manticores
  A moth of wrath (Spider:4)
  5 merfolk sirens
  5 elephants (Lair:4)
  4 centaur zombies
  Maurice (D:8)
  A guardian serpent (Lair:6)
  Psyche (D:11)
  6 black mambas (Lair:6)
  4 water nymphs
  7 torpor snails
  An eye of devastation (Slime:4)
  A gargoyle (D:15)
  17 spiny frogs
  2 komodo dragons
  A kobold demonologist (D:15)
  2 efreet (D:14)
  8 demonic crawlers
  2 tengu conjurers
  3 freezing wraiths (D:15)
  A queen bee (shapeshifter) (D:15)
  A polar bear (Lair:6)
  2 trolls
  A wind drake (Shoals:4)
  42 jumping spiders
  11 merfolk
  4 tyrant leeches (Lair:6)
  14 hornets
  5 blink frogs
  A hippogriff (shapeshifter) (D:15)
  38 slime creatures
  8 hippogriffs
  A meliai zombie (D:15)
  A raiju (shapeshifter) (D:10)
  12 dream sheep
  3 snapping turtles
  20 tarantellas
  75 redbacks
  4 vampires
  13 wyverns
  22 yaks
  7 water elementals
  3 basilisks
  5 golden eyes (Slime:2)
  7 hogs (D:13)
  3 vampire mosquitoes (D:15)
  Menkaure (D:5)
  A steam dragon (D:8)
  An acid dragon (D:14)
  17 water moccasins
  A floating eye (Slime:3)
  19 soldier ants (Spider:1)
  11 porcupines
  10 orc warriors
  5 black bears
  3 sky beasts
  An alligator simulacrum (IceCv)
  3 eyes of draining
  7 ogres
  11 ice beasts
  2 necrophages
  An eye of draining (shapeshifter) (D:15)
  2 phantoms
  A hornet zombie (D:14)
  8 wolves
  11 centaurs
  9 crocodiles
  4 big kobolds
  24 bullfrogs
  5 scorpions
  A wyvern skeleton (D:8)
  20 killer bees
  A swamp dragon simulacrum (IceCv)
  7 electric eels
  9 wights
  5 howler monkeys
  A crimson imp (D:9)
  A quasit (D:10)
  A bullfrog zombie (D:7)
  8 hounds
  13 jellies
  6 orc priests
  8 orc wizards
  A gnoll shaman (D:5)
  2 iguanas
  27 worker ants
  2 polar bear simulacra (IceCv)
  12 gnolls
  14 adders
  2 shadow imps
  18 oozes
  An adder zombie (D:8)
  An adder skeleton (D:4)
  5 worms
  9 leopard geckos
  39 orcs
  4 bats
  3 giant cockroaches
  4 goblins
  7 hobgoblins
  A jackal (D:8)
  A quokka (D:4)
  A ball python (D:3)
  4 frilled lizards
  19 kobolds
  A leopard gecko zombie (D:7)
  A quokka skeleton (D:4)
  A quokka zombie (D:6)
  7 rats
  6 fungi
  11 plants
  3 tentacles (Shoals:4)
999 creatures vanquished.

Vanquished Creatures (collateral kills)
  The ghost of psellion the Archer, a journeyman MiAM of the Shining One (Lair:5)
  2 hydras (Lair:5)
3 creatures vanquished.

Vanquished Creatures (others)
  A manticore (Lair:5)
  A merfolk (Shoals:3)
  A tarantella (Spider:4)
  A human (D:14)
  4 centaurs
  A crocodile (Lair:6)
  7 fungi
  16 plants
  7 tentacles (Shoals:4)
39 creatures vanquished.

Grand Total: 1041 creatures vanquished

Notes
Turn   | Place    | Note
-------+----------+-------------------------------------------
     0 | D:1      | Flugslaktarn the Deep Dwarf Fighter began the quest for the
                  | Orb.
     0 | D:1      | Reached XP level 1. HP: 20/20 MP: 1/1
    84 | D:1      | Reached XP level 2. HP: 21/27 MP: 2/2
   322 | D:2      | Reached XP level 3. HP: 28/34 MP: 3/3
   344 | D:2      | Reached skill level 3 in Axes
   495 | D:3      | Reached XP level 4. HP: 17/42 MP: 4/4
   516 | D:3      | Reached skill level 4 in Axes
   516 | D:3      | Reached XP level 5. HP: 42/49 MP: 5/5
   721 | D:4      | Noticed an ogre
   732 | D:4      | Killed an ogre
   732 | D:4      | Reached XP level 6. HP: 53/57 MP: 6/6
   749 | D:4      | Reached skill level 5 in Axes
   875 | D:4      | Reached XP level 7. HP: 38/64 MP: 7/7
   887 | D:4      | Found a staircase to the Ecumenical Temple.
   981 | D:4      | Reached skill level 5 in Armour
   981 | D:4      | Reached skill level 5 in Shields
   995 | Temple   | Entered the Ecumenical Temple
  1187 | D:4      | Reached skill level 6 in Axes
  1226 | D:4      | Found a sacrificial altar of Ru.
  1320 | D:5      | Entered Level 5 of the Dungeon
  1688 | D:5      | Found an iron altar of Okawaru.
  1896 | D:5      | Noticed Menkaure
  1911 | D:5      | Killed Menkaure
  2020 | D:5      | Found a snail-covered altar of Cheibriados.
  2020 | D:5      | Found a burning altar of Makhleb.
  2064 | D:5      | Became a worshipper of Makhleb the Destroyer
  2091 | D:6      | Reached XP level 8. HP: 42/73 MP: 8/8
  2098 | D:6      | Reached skill level 7 in Axes
  2098 | D:6      | Reached skill level 1 in Invocations
  2284 | D:6      | Reached skill level 5 in Fighting
  2525 | D:6      | Reached skill level 8 in Axes
  2704 | D:6      | Gained mutation: You passively map the area around you.
                  | [Deep Dwarf growth]
  2704 | D:6      | Reached XP level 9. HP: 60/81 MP: 11/11
  2836 | D:7      | Found a shadowy altar of Dithmenos.
  3173 | D:7      | Reached * piety under Makhleb
  3425 | D:7      | Found a glowing golden altar of the Shining One.
  3425 | D:7      | Found a shimmering altar of Xom.
  3430 | D:7      | Found a hazy altar of Hepliaklqana.
  3432 | D:7      | Found a white marble altar of Elyvilon.
  3433 | D:7      | Found a faded altar of an unknown god.
  3516 | D:8      | Noticed Maurice
  3532 | D:8      | Killed Maurice
  3532 | D:8      | Reached skill level 9 in Axes
  3664 | D:8      | Reached skill level 5 in Invocations
  3876 | D:8      | Reached XP level 10. HP: 51/91 MP: 12/12
  3879 | D:8      | Reached ** piety under Makhleb
  3960 | D:8      | Reached skill level 10 in Axes
  3970 | D:8      | Noticed a tengu warrior
  3974 | D:8      | Identified the amulet of Moodiness {Reflect rF+ Dex+4 SH+3
                  | Stlth+}
  3978 | D:8      | Noticed a centaur warrior
  4005 | D:8      | Killed a tengu warrior
  4017 | D:8      | Killed a centaur warrior
  4017 | D:8      | Identified the ring "Hyphuq" {rC+ SInv Stlth+}
  4017 | D:8      | Noticed a tengu warrior
  4046 | D:8      | Killed a tengu warrior
  4178 | D:8      | Got a crude jade amulet
  4181 | D:8      | Got a faintly glowing platinum ring
  4231 | D:8      | Reached skill level 11 in Axes
  4242 | D:8      | Found a hide-covered altar of Uskayaw.
  4528 | D:9      | Noticed an oklob plant
  4554 | D:9      | Reached *** piety under Makhleb
  4607 | D:9      | Reached XP level 11. HP: 100/100 MP: 13/13
  4881 | D:9      | Found a runed translucent gate.
  4882 | D:9      | Found a runed translucent gate.
  4883 | D:9      | Found a runed translucent gate.
  4885 | D:9      | Noticed coffeespoons's ghost (novice MfMo)
  5100 | D:9      | Found a staircase to the Lair.
  5287 | D:10     | Entered Level 10 of the Dungeon
  5339 | D:10     | Noticed a brown ugly thing
  5343 | D:10     | Noticed an orc knight
  5345 | D:10     | Noticed a centaur warrior
  5352 | D:10     | Killed a brown ugly thing
  5364 | D:10     | Killed an orc knight
  5373 | D:10     | Killed a centaur warrior
  5373 | D:10     | Reached **** piety under Makhleb
  5538 | D:10     | Reached skill level 12 in Axes
  5818 | D:10     | Found a staircase to the Orcish Mines.
  5822 | D:10     | Found Goydeal's Weapon Boutique.
  6133 | D:11     | Noticed a purple ugly thing
  6141 | D:11     | Killed an unseen horror
  6146 | D:11     | Killed a purple ugly thing
  6169 | D:11     | Noticed a two-headed ogre
  6175 | D:11     | Killed a two-headed ogre
  6175 | D:11     | Reached ***** piety under Makhleb
  6279 | D:11     | Noticed Psyche
  6284 | D:11     | Killed Psyche
  6434 | D:11     | Identified the amulet "Huvvaef" {Inacc Int+2 Dex+2} (You
                  | found it on level 8 of the Dungeon)
  6435 | D:11     | Identified the ring "Uduppeu" {rN+ MR+ Str+4 Int+2 Slay+2}
                  | (You found it on level 8 of the Dungeon)
  6439 | D:11     | Identified a scroll of acquirement
  6439 | D:11     | Identified the ring of the Failed Coup {EV+1 Dex+3 Slay+5}
                  | (You acquired it on level 11 of the Dungeon)
  6672 | D:11     | Reached XP level 12. HP: 110/110 MP: 13/13
  7017 | Lair:1   | Entered Level 1 of the Lair of Beasts
  7631 | Lair:2   | Found a runed translucent gate.
  7633 | Lair:2   | Found a runed translucent gate.
  7633 | Lair:2   | Noticed Ulumiabe's ghost (journeyman OpBe)
  7634 | Lair:2   | Found a runed translucent gate.
  7634 | Lair:2   | Noticed emiel's ghost (novice TrWn)
  7634 | Lair:2   | Noticed Miemolayn's ghost (journeyman DrCj)
  7634 | Lair:2   | Noticed Ulumiabe's ghost (journeyman OpBe)
  7634 | Lair:2   | Noticed Tuthropu's ghost (journeyman HuAr)
  7856 | Lair:2   | Killed Ulumiabe's ghost
  7864 | Lair:2   | Killed emiel's ghost
  7864 | Lair:2   | Reached skill level 13 in Axes
  7872 | Lair:2   | Killed Ulumiabe's ghost
  7872 | Lair:2   | Reached skill level 10 in Shields
  7873 | Lair:2   | Killed Miemolayn's ghost
  7873 | Lair:2   | Reached skill level 10 in Armour
  7881 | Lair:2   | Killed Tuthropu's ghost
  7881 | Lair:2   | Reached skill level 10 in Invocations
  7947 | Lair:2   | Identified the ring of Tyfrosiz {rPois rF+++ Int+3 Dex+3}
                  | (You acquired it on level 2 of the Lair of Beasts)
  8037 | Lair:2   | Noticed a seven-headed hydra
  8052 | Lair:2   | Killed a 17-headed hydra
  8469 | Lair:3   | Noticed a six-headed hydra
  8481 | Lair:3   | Killed a 14-headed hydra
  9270 | Lair:4   | Found a frozen archway.
  9304 | IceCv    | Entered an ice cave
  9443 | Lair:4   | Reached skill level 14 in Axes
  9447 | Lair:4   | Reached XP level 13. HP: 70/121 MP: 14/16
  9509 | Lair:4   | Found a staircase to the Shoals.
  9915 | Lair:4   | Found a hole to the Spider Nest.
 10495 | Lair:5   | Found a runed translucent gate.
 10495 | Lair:5   | Found a runed translucent gate.
 10496 | Lair:5   | Found a runed translucent gate.
 10501 | Lair:5   | Noticed psellion's ghost (journeyman MiAM)
 10752 | Lair:5   | Got a pair of fine boots
 10763 | Lair:5   | Identified the +0 pair of boots "Onigrem" {Int+6 SInv} (You
                  | found it on level 5 of the Lair of Beasts)
 10785 | Lair:5   | Reached skill level 15 in Axes
 10865 | Lair:5   | Killed psellion's ghost
 11320 | Lair:6   | Entered Level 6 of the Lair of Beasts
 11524 | Lair:6   | Reached skill level 16 in Axes
 11606 | Lair:6   | Gained mutation: You resist negative energy. (rN+) [Deep
                  | Dwarf growth]
 11606 | Lair:6   | Reached XP level 14. HP: 109/130 MP: 15/15
 11695 | Lair:6   | Found a runed translucent door.
 11715 | Lair:6   | Reached skill level 10 in Fighting
 11924 | Lair:6   | Reached ****** piety under Makhleb
 11929 | Lair:6   | Found a staircase to the Slime Pits.
 12013 | Lair:6   | Found a runed translucent gate.
 12013 | Lair:6   | Found a runed translucent gate.
 12013 | Lair:6   | Found a runed translucent gate.
 12016 | Lair:6   | Noticed kae's ghost (journeyman MfIE)
 12074 | Lair:6   | Reached skill level 17 in Axes
 12789 | D:13     | Noticed Kirke
 12792 | D:13     | Noticed a sphinx
 12800 | D:13     | Killed Kirke
 13031 | D:14     | Reached skill level 18 in Axes
 13061 | D:14     | Found Zeaz's Book Shoppe.
 13081 | D:15     | Entered Level 15 of the Dungeon
 13220 | D:15     | Reached XP level 15. HP: 85/140 MP: 16/16
 13896 | D:15     | Found a staircase to the Depths.
 14164 | Spider:1 | Entered Level 1 of the Spider Nest
 14283 | Spider:1 | Identified the +10 morningstar of Kocizoyl {freeze, +Inv
                  | Str-2 Int-3 Dex+9}
 14981 | Spider:4 | Entered Level 4 of the Spider Nest
 14995 | Spider:4 | Reached skill level 15 in Invocations
 14999 | Spider:4 | Reached XP level 16. HP: 130/152 MP: 17/17
 15192 | Spider:4 | Noticed Arachne
 15207 | Spider:4 | Killed Arachne
 15335 | Spider:4 | Reached skill level 15 in Shields
 15340 | Spider:4 | Reached skill level 15 in Armour
 15918 | Spider:4 | Identified the Guide on Attacks and Flames
 15920 | Spider:4 | Got a gossamer rune of Zot
 16089 | Shoals:1 | Entered Level 1 of the Shoals
 16142 | Shoals:2 | Reached XP level 17. HP: 147/164 MP: 16/16
 16251 | Shoals:2 | Noticed Donald
 16262 | Shoals:2 | Killed Donald
 16262 | Shoals:2 | Reached skill level 1 in Dodging
 16403 | Shoals:4 | Entered Level 4 of the Shoals
 16432 | Shoals:4 | Found the ring of Shadows {Umbra +Inv Stlth+}
 16638 | Shoals:4 | Noticed a kraken
 16656 | Shoals:4 | Killed a kraken
 16684 | Shoals:4 | Got a barnacled rune of Zot
 16852 | Slime:1  | Entered Level 1 of the Pits of Slime
 16863 | Slime:1  | Reached skill level 5 in Dodging
 16879 | Slime:1  | Noticed an acid blob
 16888 | Slime:1  | Killed an acid blob
 16908 | Slime:2  | Noticed an acid blob
 16917 | Slime:2  | Killed an acid blob
 17034 | Slime:4  | Noticed an acid blob
 17035 | Slime:4  | Noticed an acid blob
 17036 | Slime:4  | Paralysed by a floating eye for 2 turns
 17041 | Slime:4  | Paralysed by a floating eye for 4 turns
 17065 | Slime:3  | Killed an acid blob
 17067 | Slime:3  | Killed an acid blob
 17170 | Slime:5  | Entered Level 5 of the Pits of Slime
 17170 | Slime:5  | Noticed an acid blob
 17174 | Slime:5  | Noticed an acid blob
 17179 | Slime:5  | Killed an acid blob
 17189 | Slime:5  | Killed an acid blob
 17195 | Slime:5  | Gained mutation: Your body sometimes deteriorates upon
                  | taking damage. [a shining eye]
 17203 | Slime:5  | Found a viscous altar of Jiyva.
 17203 | Slime:5  | Noticed an acid blob
 17203 | Slime:5  | Noticed the Royal Jelly
 17219 | Slime:5  | Noticed an acid blob
 17220 | Slime:5  | Noticed an acid blob
 17227 | Slime:5  | Killed an acid blob
 17230 | Slime:5  | Killed an acid blob
 17235 | Slime:5  | Noticed an acid blob
 17235 | Slime:5  | Slain by an azure jelly

Levels and vault maps discovered:
D:1:      minmay_arrival_floating_metal, layout_rooms
D:2:      layout_basic, lemuel_round_altar, nemelex_lonely_heart_becter
D:3:      layout_basic
D:4:      layout_rooms, overflow_temple_1_default, minmay_temple_entry_junction
D:5:      layout_loops_cross, overflow_temple_1_default,
          gammafunk_temple_overflow_wave, first_ration, uniq_menkaure
D:6:      layout_gridville
D:7:      layout_loops_ring, nicolae_overflow_hidden_temple, old_standard_altar,
          chequers_temple_overflow_minitemple, kennysheep_generic_room_2
D:8:      minmay_the_grid_triangle_9x9_rhombus_thin
          [minmay_the_grid_triangle_9x9_alien,
          minmay_the_grid_triangle_9x9_prize_special,
          minmay_the_grid_triangle_9x9_minimal,
          minmay_the_grid_triangle_9x9_sparse_checkered], layout_rooms,
          lemuel_crystal_altar, uniq_maurice
D:9:      lemuel_slime, layout_loops_ring, grunt_lair_entry_orc_guard_hut,
          ebering_ghost_rock_garden, kennysheep_generic_room_15
D:10:     layout_loops_ring, orc_david_3, grunt_tengu_nest,
          chequers_serial_rivers_micro_c, moated_statue,
          minmay_fractal_squares_gapless_7
D:11:     layout_long_grid, uniq_psyche
D:12:     layout_roguey
D:13:     layout_rooms, uniq_kirke, uniq_frances, uniq_jorgrun
D:14:     layout_cave_pools, ximxim_vaults_locker_room, serial_shops,
          nicolae_shop_trees, skrybe_limestone_x
D:15:     gammafunk_enter_depths_forms, layout_basic, corexii_leaking_fountain
Temple:   eino_wide_crystal_templ
Lair:1:   layout_chaotic_city, st_stairs_12, minmay_lair_oklob_bushes,
          serial_bayou_pond_e, infiniplex_staircase_pool, grunt_megastairs_4
Lair:2:   layout_gridlike, gammafunk_ghost_cemetery
Lair:3:   layout_regular_city, chequers_serial_rivers_small_3,
          beast_lair_carwin_3
Lair:4:   layout_cave_shapes, elwin_shoals_entry_stream,
          spider_nest_entry_rubble, portal_ice_cave_entry_ice_beasts,
          nicolae_quartered_pool_medium
Lair:5:   nzn_motion_control, layout_hall_layers, gammafunk_ghost_hydra_chop,
          grunt_megastairs_2, serial_bayou_shore_a, lemuel_fruit_tree
Lair:6:   wormcave, layout_regular_city, hangedman_lair_tendril_chambers,
          nicolae_slime_entry_slimehenge, maelrawn_ghost_gauntlet_escape,
          minmay_lair_oklob_chamber
Shoals:1: layout_shoals, serial_shops, shop, centaur_isle
Shoals:2: layout_shoals, ldierk_geyser, abandoned_shop, uniq_donald
Shoals:3: layout_shoals, serial_shops, shop, uniq_nikola
Shoals:4: shoals_end_simple, layout_shoals
Spider:1: layout_spider_delve, drop_trap, zaba_anthell
Spider:2: layout_spider_delve, uniq_asterion
Spider:3: layout_spider_delve, nicolae_spider_webbed_stairs
Spider:4: johnstein_spider_rune_arachne_lair, nicolae_spider_nook
Slime:1:  layout_caves
Slime:2:  layout_caves
Slime:3:  layout_caves
Slime:4:  layout_caves
Slime:5

Skill      XL: |  1  2  3  4  5  6  7  8  9 10 11 12 13 14 15 16 17 |
---------------+----------------------------------------------------+-----
Fighting       | 3 4 5 6 7 8 9 10 11 13 14 | 14.6
Axes           | 3 4 5 6 8 9 11 12 14 16 18 | 18.0
Armour         | 4 5 6 7 8 9 10 11 12 13 15 16 | 16.9
Shields        | 4 5 6 7 8 9 10 11 12 13 15 | 15.0
Invocations    | 3 5 7 9 10 12 13 15 | 15.0
Dodging        | 7 |  7.6

Action                   |  1- 3 |  4- 6 |  7- 9 | 10-12 | 13-15 | 16-18 || total
-------------------------+-------+-------+-------+-------+-------+-------++-------
Melee: War axe           |   135 |    88 |   434 |   655 |   343 |       ||  1655
       Broad axe         |       |       |       |       |   745 |   671 ||  1416
Throw: Throwing net      |       |       |       |       |       |     1 ||     1
Invok: Lesser Servant of |       |       |       |       |     9 |       ||     9
       Greater Servant o |       |       |       |       |     1 |       ||     1
 Abil: Heal Wounds       |     2 |     4 |    18 |    20 |    25 |    14 ||    83
Evoke: Wand              |       |       |       |       |     1 |     1 ||     2
  Use: Scroll            |       |       |     8 |    14 |    15 |     1 ||    38
       Potion            |       |       |     1 |       |     1 |     7 ||     9
 Stab: Petrifying        |       |       |       |       |     3 |       ||     3
       Distracted        |       |       |       |       |     1 |       ||     1
  Eat: Chunk             |       |     1 |    10 |     8 |    13 |     3 ||    35
       Ration            |       |       |       |     3 |     2 |     2 ||     7
Armor: Scale mail        |    20 |       |       |       |       |       ||    20
       Chain mail        |    56 |    64 |   216 |   240 |       |       ||   576
       Plate armour      |       |       |       |   124 |   515 |   358 ||   997
Dodge: Dodged            |    42 |    25 |    97 |   203 |   498 |   326 ||  1191
Block: Kite shield       |    86 |    66 |   207 |   431 |   952 |   664 ||  2406
       Reflection        |       |       |       |     1 |    23 |    43 ||    67

Table legend:
 A = Non-vault XP
 B = Vault XP
 C = Vault XP percentage of total XP
 D = Non-vault monster count
 E = Vault monster count
 F = Vault count percentage of total count
                 A         B        C        D         E       F
            +---------+---------+-------+---------+---------+-------
      Total |  166914 |  122680 |  42.4 |     655 |     329 |  33.4
            +---------+---------+-------+---------+---------+-------
        D:1 |      31 |       0 |   0.0 |      17 |       0 |   0.0
        D:2 |      29 |       0 |   0.0 |      10 |       0 |   0.0
        D:3 |     189 |       0 |   0.0 |      25 |       0 |   0.0
        D:4 |     829 |       0 |   0.0 |      30 |       0 |   0.0
        D:5 |     161 |     172 |  51.7 |       9 |       1 |  10.0
        D:6 |    1390 |       0 |   0.0 |      20 |       0 |   0.0
        D:7 |     790 |       3 |   0.4 |      17 |       1 |   5.6
        D:8 |    2271 |    4137 |  64.6 |      36 |      19 |  34.5
        D:9 |    1800 |    1223 |  40.5 |      22 |      28 |  56.0
       D:10 |     805 |    3708 |  82.2 |      12 |      14 |  53.8
       D:11 |    4161 |     454 |   9.8 |      48 |       1 |   2.0
       D:12 |     939 |       0 |   0.0 |       2 |       0 |   0.0
       D:13 |     545 |    3421 |  86.3 |       2 |       8 |  80.0
       D:14 |   11402 |       0 |   0.0 |      31 |       0 |   0.0
       D:15 |   15298 |    4007 |  20.8 |      42 |      10 |  19.2
     Lair:1 |     643 |     252 |  28.2 |       3 |       2 |  40.0
     Lair:2 |    2041 |    5318 |  72.3 |       5 |       5 |  50.0
     Lair:3 |    3077 |     755 |  19.7 |      13 |       5 |  27.8
     Lair:4 |    6813 |    3185 |  31.9 |      27 |      13 |  32.5
     Lair:5 |    5285 |    6262 |  54.2 |      25 |       9 |  26.5
     Lair:6 |   10168 |   17230 |  62.9 |      36 |      62 |  63.3
   Shoals:1 |     804 |       0 |   0.0 |       2 |       0 |   0.0
   Shoals:2 |    4562 |    1978 |  30.2 |       9 |       1 |  10.0
   Shoals:3 |    3416 |       0 |   0.0 |       9 |       0 |   0.0
   Shoals:4 |    7737 |   15544 |  66.8 |      10 |      24 |  70.6
   Spider:1 |   13023 |    7238 |  35.7 |      41 |      40 |  49.4
   Spider:2 |    1104 |       0 |   0.0 |       3 |       0 |   0.0
   Spider:3 |    9079 |       0 |   0.0 |      25 |       0 |   0.0
   Spider:4 |   24409 |   39622 |  61.9 |      71 |      75 |  51.4
    Slime:1 |    7676 |       0 |   0.0 |       8 |       0 |   0.0
    Slime:2 |    7001 |       0 |   0.0 |      18 |       0 |   0.0
    Slime:3 |   14419 |       0 |   0.0 |      19 |       0 |   0.0
    Slime:4 |    2655 |       0 |   0.0 |       7 |       0 |   0.0
    Slime:5 |    2362 |    7925 |  77.0 |       1 |       7 |  87.5
      IceCv |       0 |     246 | 100.0 |       0 |       4 | 100.0
            +---------+---------+-------+---------+---------+-------
